[Event "HUN-chT Youth 2019"]
[Site "Budapest"]
[Date "2019.10.28"]
[Round "4.7"]
[White "Turcsanyi, Vince Gergo"]
[Black "Szabo, Marton Nandor"]
[Result "1-0"]
[ECO "B50"]
[WhiteElo "1810"]
[BlackElo "1803"]
[Annotator "NA RC"]
[PlyCount "36"]
[EventDate "2019.10.26"]
[EventType "team-tourn"]
[EventCountry "HUN"]
[SourceTitle "playchess.com"]
[Source "ChessBase"]
[SourceQuality "1"]
[TimeControl "5400+30"]

1. e4 c5 2. Nf3 d6 3. d4 Nf6 4. Nc3 cxd4 5. Qxd4 a6 6. Bg5 Nc6 7. Qd2 h6 8. Bxf6 exf6 9. O-O-O Be6 10. Nd4 Nxd4 11. Qxd4 Be7 12. f4 O-O 13. Be2 Rc8 14. g4 Qc7 15. Rd2 Qa5 16. a3 Qc5 $14 (16... d5 $5 17. exd5 Rfd8 $11) 17. f5 Bd7 18. Nd5 Rfe8 1-0

[Event "HUN-chT Youth 2019"]
[Site "Budapest"]
[Date "2019.10.28"]
[Round "4.8"]
[White "Pasztor, Balazs"]
[Black "Baski, Barnabas"]
[Result "1-0"]
[ECO "C07"]
[WhiteElo "2152"]
[BlackElo "2037"]
[Annotator "NA"]
[PlyCount "91"]
[EventDate "2019.10.26"]
[EventType "team-tourn"]
[EventCountry "HUN"]
[SourceTitle "playchess.com"]
[Source "ChessBase"]
[SourceQuality "1"]
[TimeControl "5400+30"]

1. e4 e6 2. d4 d5 3. Nd2 c5 4. exd5 Qxd5 5. dxc5 Bxc5 6. Ngf3 Nf6 7. Bc4 Qc6 {[%emt 0:00:39] C07: French Tarrasch: 3...c5, 4 Ngf3 and 4 exd5 Qxd5} 8. Qe2 a6 (8... O-O 9. Nb3 Nbd7 10. Bf4 Bd6 11. Nbd4 Qb6 12. Bxd6 Qxd6 13. O-O-O Qf4+ 14. Kb1 Nb6 15. Bb3 {0-1 (28) Naiditsch,A (2705)-Le,Q (2737) Riadh 2017}) 9. a4 Nbd7 10. O-O O-O 11. Nb3 b6 12. Nxc5 Nxc5 13. Ne5 Qe8 14. b3 Bb7 15. Bb2 $146 ({Predecessor:} 15. Ba3) 15... Nd5 16. Rfe1 Kh8 ({Black should play} 16... f6 $14) 17. Qg4 f6 18. Nf3 (18. Nd3 $16) 18... e5 19. Nh4 Rd8 20. Rad1 b5 21. axb5 axb5 22. Bxd5 $1 Bxd5 23. Ba3 Qc6 24. Qh3 Bf7 25. Qe3 Rxd1 26. Rxd1 Rc8 27. Nf5 $11 Ne6 28. Ne7 Qxc2 29. Rc1 Rd8 30. Qf3 Qd3 31. Qxd3 Rxd3 32. Rc8+ Rd8 33. b4 Rxc8 34. Nxc8 Kg8 35. Nd6 Nc7 36. Bc1 Bc4 37. f4 Nd5 38. fxe5 fxe5 39. Bd2 g6 40. Kf2 Kf8 41. Kf3 Ke7 42. Ne4 Nf6 43. Bg5 Bd5 44. Bxf6+ Ke6 45. Bd8 Kf5 46. g4+ 1-0

[Event "HUN-chT Youth 2019"]
[Site "Budapest"]
[Date "2019.10.28"]
[Round "4.8"]
[White "Foldes, Marton Gabor"]
[Black "Lazsadi, Kerka Lilla"]
[Result "1/2-1/2"]
[ECO "C00"]
[WhiteElo "1755"]
[BlackElo "1561"]
[Annotator "NA RC"]
[PlyCount "63"]
[EventDate "2019.10.26"]
[EventType "team-tourn"]
[EventCountry "HUN"]
[SourceTitle "playchess.com"]
[Source "ChessBase"]
[SourceQuality "1"]
[TimeControl "5400+30"]

1. e4 e6 2. b3 d5 3. Bb2 Nf6 4. exd5 exd5 5. Qe2+ Be6 6. Nc3 Bc5 7. O-O-O Nc6 8. Nf3 Qe7 9. d4 Ba3 10. h3 O-O-O 11. Ne5 Bxb2+ 12. Kxb2 Bd7 13. Nxc6 Qxe2 14. Nxa7+ Kb8 15. Bxe2 Kxa7 16. Bf3 c6 17. Rhe1 Rhe8 18. a3 Bf5 19. g4 Bg6 20. Bg2 h6 21. Re5 Nd7 22. Ree1 Nf6 23. Re5 Nd7 24. Ree1 Nf6 25. a4 Kb8 26. f3 Kc7 27. Na2 Nd7 28. Nb4 Nf6 29. Kc3 Nd7 30. Nd3 Bxd3 31. Kxd3 Nf8 32. Bf1 1/2-1/2

[Event "HUN-chT Youth 2019"]
[Site "Budapest"]
[Date "2019.10.28"]
[Round "4.9"]
[White "Monduk, Ferenc"]
[Black "Dibusz, Domonkos"]
[Result "1/2-1/2"]
[ECO "E11"]
[WhiteElo "1987"]
[BlackElo "2088"]
[Annotator "NA RC"]
[PlyCount "75"]
[EventDate "2019.10.26"]
[EventType "team-tourn"]
[EventCountry "HUN"]
[SourceTitle "playchess.com"]
[Source "ChessBase"]
[SourceQuality "1"]
[TimeControl "5400+30"]

1. d4 Nf6 2. c4 e6 3. Nf3 Bb4+ 4. Bd2 a5 5. a3 Bxd2+ 6. Nbxd2 b6 {[%emt 0:01:48] E11: Bogo-Indian} (6... d6 7. e4 Nc6 8. b4 O-O 9. b5 Ne7 10. Qc2 e5 11. dxe5 dxe5 12. Rd1 Ng6 13. c5 Qe7 14. Bc4 Nd7 {0-1 (28) Repka,C (2473)-Miton,K (2612) Slovakia 2017}) 7. e4 Bb7 8. Bd3 d6 9. O-O $146 ({Predecessor:} 9. Qe2 O-O 10. e5 dxe5 11. dxe5 Nfd7 12. O-O Nc5 13. Bc2 a4 14. Rad1 {1-0 (32) Joppien,A (2077)-Reimann,H (2004) Leipzig 2013}) 9... c5 10. dxc5 bxc5 11. e5 dxe5 12. Nxe5 O-O 13. Ndf3 Nbd7 14. Qe2 Qc7 15. Rad1 Bxf3 16. Nxf3 Rab8 17. Rd2 Rfe8 18. Re1 h6 19. Rc2 Rbd8 20. h3 Nh5 21. Qe3 Nf4 22. Bf1 e5 23. g3 Ne6 24. Rce2 Nd4 25. Rd2 Nf6 26. Bg2 Nf5 27. Qc3 e4 28. Rxd8 Rxd8 29. Qe5 Qc8 30. Nh2 Re8 31. Qc3 $11 Qc7 32. Ng4 Nxg4 33. hxg4 Nd6 34. b4 cxb4 35. axb4 Qxc4 36. Qxc4 Nxc4 37. bxa5 Nxa5 38. Bxe4 1/2-1/2

[Event "HUN-chT Youth 2019"]
[Site "Budapest"]
[Date "2019.10.28"]
[Round "4.9"]
[White "Kovacs, Kristof"]
[Black "Csernyik, Mark"]
[Result "1/2-1/2"]
[ECO "B01"]
[WhiteElo "1547"]
[BlackElo "1749"]
[Annotator "NA RC"]
[PlyCount "68"]
[EventDate "2019.10.26"]
[EventType "team-tourn"]
[EventCountry "HUN"]
[SourceTitle "playchess.com"]
[Source "ChessBase"]
[SourceQuality "1"]
[TimeControl "5400+30"]

1. e4 d5 2. exd5 Qxd5 3. Nc3 Qd6 4. Nf3 Nf6 5. d4 a6 6. Bc4 b5 7. Bd3 Nbd7 8. O-O Bb7 9. a3 e6 10. b4 Be7 11. Re1 Nd5 12. Ne4 Qb6 13. Bb2 N7f6 14. Qd2 O-O 15. Nc5 Bd6 16. Nxb7 Qxb7 17. Ne5 Rad8 18. Rad1 Ne7 19. Qg5 Rfe8 20. Re3 Ng6 21. h4 h6 22. Qg3 Bxe5 23. dxe5 Nd5 24. Rf3 Nde7 25. h5 Nf5 26. Qg4 Nge7 27. Re1 Qb6 28. Qf4 c5 29. bxc5 Qxc5 30. g4 Nd5 31. Qe4 Nfe7 32. Qh7+ Kf8 33. Bg6 Nxg6 34. Qxg6 Rd7 1/2-1/2

[Event "HUN-chT Youth 2019"]
[Site "Budapest"]
[Date "2019.10.28"]
[Round "4.10"]
[White "Kovacs, Gabor Etele"]
[Black "Lengyel, Andrea"]
[Result "1-0"]
[ECO "B30"]
[WhiteElo "2053"]
[BlackElo "1872"]
[Annotator "NA"]
[PlyCount "81"]
[EventDate "2019.10.26"]
[EventType "team-tourn"]
[EventCountry "HUN"]
[SourceTitle "playchess.com"]
[Source "ChessBase"]
[SourceQuality "1"]
[TimeControl "5400+30"]

1. e4 c5 2. Nf3 Nc6 3. Bb5 e6 4. Bxc6 bxc6 5. b3 d5 (5... Ne7 6. Bb2 Ng6 7. h4 h5 8. d3 f6 9. e5 d5 10. exd6 Bxd6 11. Nfd2 e5 12. Nc4 Be7 13. Nc3 Be6 {0-1 (39) Adams,M (2745)-Nakamura,H (2775) London 2014}) 6. d3 {[%emt 0:01:43] B30: Sicilian: 2...Nc6 3 Bb5, lines without ...g6} c4 $146 ({Predecessor:} 6... dxe4 7. dxe4 Qxd1+ 8. Kxd1 c4 9. Ne5 Nf6 10. f3 cxb3 11. axb3 Bb7 12. Be3 Nd7 13. Nc4 {1-0 (48) Naiditsch,A (2652)-Sveshnikov,E (2504) Liepaja 2007}) 7. dxc4 dxc4 (7... Nf6 $14) 8. Qxd8+ ({Don't play} 8. bxc4 $6 Qxd1+ 9. Kxd1 Nf6 $14) 8... Kxd8 9. Ne5 cxb3 10. Nxf7+ {[%emt 0:12:44] Double Attack} Ke8 11. Nxh8 bxc2 12. Nc3 Ba6 $1 $11 {[%emt 0:09:21] and Black stays safe.} 13. Bg5 Ba3 (13... Nf6 {was worth a try.} 14. Kd2 Rd8+ 15. Kxc2 Bd3+ 16. Kd2 Bb4) 14. Bc1 $2 (14. Kd2 $18) 14... Bb4 $2 15. Bb2 (15. Kd2 $16) 15... Rd8 16. Rc1 Bd3 17. f3 Nf6 18. Kf2 Bc5+ 19. Kg3 Be3 20. h4 Rb8 21. Ba3 $1 Bd2 (21... Nh5+ $11 22. Kh3 Nf4+ 23. Kh2 Bd2) 22. Na4 Bxc1 23. Rxc1 Rb1 24. Nc5 Rxc1 25. Bxc1 Bc4 26. a3 Kf8 27. Nb7 Ne8 28. Nd8 Nd6 29. Kf4 $16 Nb5 30. Nxc6 Kg8 31. Nf7 Bf1 32. Nfe5 Nc3 33. Ke3 a6 34. Kd2 Ne2 35. Kxc2 Nxc1 36. Kxc1 Bxg2 37. Nd8 Kf8 38. Nxe6+ Ke7 39. Nf4 Bh1 40. Kd2 Kf6 41. Ng4+ 1-0

[Event "HUN-chT Youth 2019"]
[Site "Budapest"]
[Date "2019.10.28"]
[Round "4.10"]
[White "Karacsonyi, Bank"]
[Black "Szabo, Akos"]
[Result "1-0"]
[ECO "C58"]
[WhiteElo "1513"]
[BlackElo "1418"]
[Annotator "NA RC"]
[PlyCount "55"]
[EventDate "2019.10.26"]
[EventType "team-tourn"]
[EventCountry "HUN"]
[SourceTitle "playchess.com"]
[Source "ChessBase"]
[SourceQuality "1"]
[TimeControl "5400+30"]

1. e4 e5 2. Nf3 Nc6 3. Bc4 Nf6 4. Ng5 d5 5. exd5 Na5 6. Be2 Nxd5 7. d3 h6 8. Ne4 Nc6 9. O-O g6 10. c4 Nf6 11. Nbc3 Nd4 12. Be3 Nxe2+ 13. Qxe2 Nxe4 14. dxe4 c6 15. f4 exf4 16. Bxf4 Bg7 17. Rad1 Qb6+ 18. Be3 Qc7 19. Bc5 Be6 20. Bd6 Qb6+ 21. c5 Qa5 22. Nd5 cxd5 23. exd5 Qxa2 24. Qb5+ Bd7 25. Rfe1+ Kd8 26. Qxb7 Rc8 27. c6 Qa5 28. Qxd7# 1-0

[Event "HUN-chT Youth 2019"]
[Site "Budapest"]
[Date "2019.10.28"]
[Round "4.11"]
[White "Szabo, Balazs"]
[Black "Giang, Tran Nam"]
[Result "0-1"]
[ECO "D03"]
[WhiteElo "2210"]
[BlackElo "2028"]
[Annotator "NA"]
[PlyCount "132"]
[EventDate "2019.10.26"]
[EventType "team-tourn"]
[EventCountry "HUN"]
[SourceTitle "playchess.com"]
[Source "ChessBase"]
[SourceQuality "1"]
[TimeControl "5400+30"]

1. d4 d5 2. Nf3 Nf6 3. Bg5 Ne4 4. Bh4 g6 5. e3 Bg7 6. Be2 O-O 7. O-O c5 {[%emt 0:00:45] D03: 1 d4 d5 2 Nf3 Nf6 3 Bg5, including Torre Attack with early ...d5} 8. c3 (8. Nbd2 Nc6 9. c3 cxd4 10. exd4 h6 11. Ne1 Nd6 12. Bg3 Nf5 13. Bf4 e5 14. Bxe5 Nxe5 15. dxe5 Bxe5 16. Nef3 Bg7 17. Nb3 {½-½ (35) Karthikeyan,P (2502)-Kiran,M (2160) Mumbai 2017}) 8... Nc6 9. Nfd2 Nxd2 10. Nxd2 Qb6 $146 ({Predecessor:} 10... Qd6 11. Bf3 cxd4 12. exd4 e5 13. Bg3 Qd8 14. dxe5 Nxe5 15. Nb3 Nxf3+ 16. Qxf3 h5 17. h3 {½-½ (55) Kovacevic,M (1802)-Cabarkapa,N (2314) Vrnjacka Banja 2012}) 11. Qc1 Bf5 12. dxc5 Qxc5 13. Nb3 Qb6 14. Nd4 e5 $2 (14... Nxd4 $11 15. exd4 e5) 15. Nxf5 gxf5 16. Bd3 e4 17. Bc2 Ne5 18. Rd1 Ng6 19. Bg3 Rfd8 20. Bb3 Qc5 21. h3 (21. Rd2 $16) 21... Rd7 22. Qd2 Rad8 23. Qe2 Qc6 24. Rd2 b5 25. a3 a5 26. Rad1 ({White should play} 26. a4 $16) 26... b4 27. axb4 axb4 28. cxb4 d4 29. exd4 f4 30. d5 Qb6 31. Bh2 Qxb4 32. Bc2 (32. Bc4 $16) 32... Re7 (32... f5 $11) 33. Kh1 (33. Qg4 $16) 33... f5 (33... Qd6 $1 $14) 34. d6 Red7 35. Rd5 Rxd6 36. Rxd6 Rxd6 37. Rxd6 $14 Qxd6 38. Qc4+ Kh8 39. Qc8+ Qf8 40. Qxf8+ Bxf8 41. Kg1 Kg7 42. Kf1 Kf6 43. Ke2 Ke5 44. f3 Nh4 45. fxe4 fxe4 46. g3 f3+ 47. Kf1 Ng6 48. Bg1 Bd6 49. Be3 Bb4 50. Bb3 Ne7 51. Kf2 Nf5 52. Bb6 Nd4 53. Bc4 Bd2 54. Bxd4+ Kxd4 55. Bf1 Be3+ 56. Ke1 Bg1 57. b4 e3 58. b5 Bf2+ 59. Kd1 Bxg3 60. b6 Kc5 61. b7 Kb6 62. b8=Q+ Bxb8 63. h4 h5 64. Bd3 Bg3 65. Bf1 Bxh4 66. Bh3 e2+ 0-1

[Event "HUN-chT Youth 2019"]
[Site "Budapest"]
[Date "2019.10.28"]
[Round "4.11"]
[White "Lazsadi, Blanka Anna"]
[Black "Karacsonyi, Luca"]
[Result "0-1"]
[ECO "B76"]
[WhiteElo "1142"]
[BlackElo "1556"]
[Annotator "NA RC"]
[PlyCount "58"]
[EventDate "2019.10.26"]
[EventType "team-tourn"]
[EventCountry "HUN"]
[SourceTitle "playchess.com"]
[Source "ChessBase"]
[SourceQuality "1"]
[TimeControl "5400+30"]

1. e4 c5 2. Nf3 d6 3. d4 cxd4 4. Nxd4 Nf6 5. Nc3 g6 6. Be3 Bg7 7. f3 O-O 8. Qd2 Nc6 9. O-O-O Nxd4 10. Bxd4 b5 11. Bxb5 Be6 12. Kb1 Qa5 13. a3 Rab8 14. Qd3 a6 15. Ba4 Rfc8 16. g4 Rc4 17. Bb3 Rxd4 18. Qxd4 Bxb3 19. Qa7 Nd7 20. Qxd7 Be6 21. Qa4 Qxc3 22. Qe8+ Rxe8 23. bxc3 Rb8+ 24. Kc1 Bxc3 25. Rd3 Bb2+ 26. Kd2 Bc4 27. Re3 Be5 28. Ke1 Rb1+ 29. Kf2 Rxh1 0-1

[Event "HUN-chT Youth 2019"]
[Site "Budapest"]
[Date "2019.10.28"]
[Round "4.13"]
[White "Thierry, Edvard"]
[Black "Megyeri, Martin"]
[Result "0-1"]
[ECO "B33"]
[WhiteElo "1507"]
[BlackElo "1611"]
[Annotator "NA RC"]
[PlyCount "66"]
[EventDate "2019.10.26"]
[EventType "team-tourn"]
[EventCountry "HUN"]
[SourceTitle "playchess.com"]
[Source "ChessBase"]
[SourceQuality "1"]
[TimeControl "5400+30"]

1. e4 c5 2. Nf3 Nc6 3. d4 cxd4 4. Nxd4 Nf6 5. Nc3 e5 6. Ndb5 d6 7. Bg5 a6 8. Na3 b5 9. Nd5 Be7 10. Nxe7 Qxe7 11. f3 O-O 12. c3 Rd8 13. Bd3 Be6 14. Nc2 d5 15. exd5 Bxd5 16. Ne3 Bc4 17. Nxc4 bxc4 18. Qa4 cxd3 19. Qxc6 Rab8 20. b3 Rbc8 21. Qxa6 Rxc3 22. Bd2 Rc2 23. Rc1 Qc5 24. Rxc2 Qxc2 25. Qa5 Re8 26. Kf2 Qb2 27. Re1 h6 28. h3 e4 29. fxe4 Qd4+ 30. Kf3 Nxe4 31. h4 Qf2+ 32. Kg4 Qg3+ 33. Kh5 Qg6# 0-1

[Event "HUN-chT Youth 2019"]
[Site "Budapest"]
[Date "2019.10.28"]
[Round "4.14"]
[White "Lehocz, Jozsef Jr."]
[Black "Szuhorukov, Marcell"]
[Result "1-0"]
[ECO "C02"]
[WhiteElo "1447"]
[BlackElo "1384"]
[Annotator "NA RC"]
[PlyCount "73"]
[EventDate "2019.10.26"]
[EventType "team-tourn"]
[EventCountry "HUN"]
[SourceTitle "playchess.com"]
[Source "ChessBase"]
[SourceQuality "1"]
[TimeControl "5400+30"]

1. e4 e6 2. d4 d5 3. e5 c5 4. c3 Nc6 5. Nf3 Nge7 6. Bb5 Bd7 7. O-O Nxe5 8. Nxe5 Bxb5 9. Re1 cxd4 10. cxd4 Nf5 11. Nc3 Bd7 12. Qf3 Be7 13. Nxf7 Kxf7 14. g4 g6 15. gxf5 Bf6 16. Bg5 Kg7 17. fxe6 Bxg5 18. Qf7+ Kh6 19. exd7 Rf8 20. Qxd5 Bd2 21. Re2 Rf5 22. Re5 Qg5+ 23. Qg2 Rxe5 24. dxe5 Qxe5 25. Ne4 Ba5 26. Rd1 Rd8 27. Qh3+ Kg7 28. Qf3 Bc7 29. Ng3 Qxb2 30. Qe4 Qb5 31. Qe7+ Kh6 32. Ne4 Qh5 33. Rd3 Qxh2+ 34. Kf1 Qh1+ 35. Ke2 Qh5+ 36. Kf1 Qe5 37. Rh3+ 1-0

[Event "HUN-chT Youth 2019"]
[Site "Budapest"]
[Date "2019.10.28"]
[Round "4.15"]
[White "Meszaros, Jazmin"]
[Black "Kellermann, Botond"]
[Result "0-1"]
[ECO "B18"]
[WhiteElo "1171"]
[BlackElo "1274"]
[Annotator "NA RC"]
[PlyCount "84"]
[EventDate "2019.10.26"]
[EventType "team-tourn"]
[EventCountry "HUN"]
[SourceTitle "playchess.com"]
[Source "ChessBase"]
[SourceQuality "1"]
[TimeControl "5400+30"]

1. e4 c6 2. d4 d5 3. Nc3 dxe4 4. Nxe4 Bf5 5. Bd3 Qxd4 6. Be3 Qd8 7. Qe2 Bxe4 8. Bxe4 Nf6 9. Bd3 Nbd7 10. Nf3 g6 11. O-O Bg7 12. Qd2 O-O 13. Bh6 Ng4 14. Bxg7 Kxg7 15. Qb4 Ngf6 16. Qxb7 Qc8 17. Qb4 Nd5 18. Qd4+ Kg8 19. Qh4 Rb8 20. Ng5 N7f6 21. Rab1 Qg4 22. Qh6 Qh5 23. Qxh5 Nxh5 24. Rfe1 Rb6 25. Re4 Nc3 26. Rbe1 Nxe4 27. Rxe4 Rxb2 28. Rxe7 h6 29. Nf3 Rfb8 30. Ne5 Nf4 31. Bf1 Rxc2 32. Nxf7 Rb1 33. Nxh6+ Kh8 34. Nf7+ Kh7 35. Ng5+ Kh6 36. Nf7+ Kg7 37. Ng5+ Kf6 38. Rf7+ Kxg5 39. h4+ Kg4 40. f3+ Kg3 41. Rf5 Rxf1+ 42. Kxf1 Rc1# 0-1

[Event "HUN-chT Youth 2019"]
[Site "Budapest"]
[Date "2019.10.28"]
[Round "4.16"]
[White "Megyaszai, Balazs"]
[Black "Kiss, Eniko"]
[Result "1/2-1/2"]
[ECO "C01"]
[WhiteElo "1894"]
[BlackElo "1703"]
[Annotator "NA RC"]
[PlyCount "64"]
[EventDate "2019.10.26"]
[EventType "team-tourn"]
[EventCountry "HUN"]
[SourceTitle "playchess.com"]
[Source "ChessBase"]
[SourceQuality "1"]
[TimeControl "5400+30"]

1. e4 e6 2. d4 d5 3. exd5 exd5 4. Bd3 Nf6 5. Nf3 Bd6 6. O-O O-O 7. h3 h6 8. Nc3 c6 {[%emt 0:07:07] C01: French: Exchange Variation} 9. Ne2 (9. Ne5 c5 10. Nb5 Be7 11. dxc5 Bxc5 12. Bf4 a6 13. Nc3 Nc6 14. Qd2 d4 15. Ne2 Re8 16. Nxc6 bxc6 {½-½ (37) Fressinet,L (2668)-Bacrot,E (2696) Balagna 2017}) 9... Qc7 10. Be3 Re8 11. Qc1 $146 ({Predecessor:} 11. b3 Be6 12. c4 Qc8 13. Nf4 Bf5 14. Qc2 Bxd3 15. Nxd3 {½-½ (55) Niji,A (2057)-Bernales,C (1998) Vung Tau 2008}) 11... Ne4 12. Nd2 Bf5 13. Bxe4 Bxe4 14. Nxe4 Rxe4 15. Qd2 Nd7 16. Nc1 Rae8 17. Nd3 b6 18. b4 Nf6 19. Rfe1 Qe7 20. c3 Nh5 21. Rad1 f5 22. Qc1 f4 23. Bd2 Qf7 24. f3 Re2 $15 25. Ne5 Bxe5 26. dxe5 R8xe5 27. Rxe2 Rxe2 28. Re1 Ng3 29. Kh2 Rxe1 30. Qxe1 g5 31. Bc1 Kf8 32. Qe5 Kg8 1/2-1/2

[Event "HUN-chT Youth 2019"]
[Site "Budapest"]
[Date "2019.10.28"]
[Round "4.17"]
[White "Ivan, Reka Gyongyver"]
[Black "Kocsmar, Akos"]
[Result "0-1"]
[ECO "D00"]
[WhiteElo "1686"]
[BlackElo "1916"]
[Annotator "NA RC"]
[PlyCount "96"]
[EventDate "2019.10.26"]
[EventType "team-tourn"]
[EventCountry "HUN"]
[SourceTitle "playchess.com"]
[Source "ChessBase"]
[SourceQuality "1"]
[TimeControl "5400+30"]

1. d4 d5 2. Bf4 Nf6 3. e3 e6 4. Nd2 Bd6 5. Bg3 c5 6. c3 O-O 7. Bd3 Qc7 8. Ngf3 Nbd7 9. O-O {[%emt 0:08:07] D02: 1 d4 d5 2 Nf3 sidelines, including 2...Nf6 3 g3 and 2...Nf6 3 Bf4} b6 10. e4 Bxg3 11. hxg3 dxe4 12. Nxe4 Bb7 13. Qe2 Rfd8 14. Rad1 {[%emt 0:06:19] [#]} Rac8 $146 ({Predecessor:} 14... cxd4 15. Nxd4 a6 16. Rfe1 h6 {½-½ (37) So,W (2815)-Carlsen,M (2832) chess.com INT 2017}) 15. Rd2 c4 16. Bc2 Nd5 17. Re1 h6 18. Rdd1 b5 19. Qd2 a5 20. a3 Qb6 21. Qe2 N5f6 22. Nxf6+ Nxf6 23. Ne5 Bd5 24. Qd2 Rb8 {[%emt 0:02:34] [#]} 25. Rb1 (25. g4 $1 $16) 25... b4 26. Qf4 Qb7 27. g4 Qe7 28. Qg3 (28. axb4 $11 axb4 29. f3) 28... bxa3 29. bxa3 Rxb1 30. Rxb1 Qxa3 31. Qf4 Qxc3 32. Rc1 Qb4 33. g5 hxg5 34. Qxg5 Qe7 35. Qh4 {[%emt 0:00:51] [#]} Qa3 $2 {[%emt 0:03:38] [#]} (35... Re8 $1 $19 36. Ng4 Ra8) 36. Rb1 $2 (36. Bh7+ $1 $11 Kf8 (36... Nxh7 37. Qxd8+) 37. Rb1) 36... Qc3 37. Rc1 Qd2 38. Bh7+ Kf8 39. Rb1 c3 40. Rf1 c2 41. Nd3 Rb8 42. Nc1 Rb1 43. Bxc2 Qxc2 44. Qf4 Qe4 45. Qg3 Qg6 46. Qh2 Nh5 47. Ne2 Rxf1+ {[%emt 0:00:08] Back Rank} 48. Kxf1 Qb1+ 0-1

[Event "HUN-chT Youth 2019"]
[Site "Budapest"]
[Date "2019.10.28"]
[Round "4.18"]
[White "Kis, Izabella"]
[Black "Kiraly, Lilla Virag"]
[Result "0-1"]
[ECO "B18"]
[WhiteElo "1523"]
[BlackElo "1450"]
[Annotator "NA"]
[PlyCount "131"]
[EventDate "2019.10.26"]
[EventType "team-tourn"]
[EventCountry "HUN"]
[SourceTitle "playchess.com"]
[Source "ChessBase"]
[SourceQuality "1"]
[TimeControl "5400+30"]

1. e4 c6 2. d4 d5 3. Nc3 dxe4 4. Nxe4 Bf5 5. Ng3 Bg6 6. Nf3 Nd7 7. Bd3 Bxd3 8. Qxd3 e6 9. O-O Ngf6 10. Be3 Bd6 11. Ne4 Nxe4 12. Qxe4 Nf6 13. Qd3 O-O 14. Rfe1 Qc7 15. h3 Rfd8 16. c3 h6 17. Rad1 Qa5 18. Ra1 c5 19. Qc2 cxd4 20. Bxd4 Be7 21. Ne5 Qc7 22. Qe2 Bc5 23. Nf3 Bxd4 24. Nxd4 a6 25. Nb3 Rd5 26. Rad1 Rad8 27. Rd4 Rxd4 28. Nxd4 Qc5 29. Qe3 Qd5 30. b3 Qa5 31. Ra1 Nd5 32. Qd2 Qxc3 33. Qxc3 Nxc3 34. Nf3 g6 35. Kf1 Rd7 36. Ke1 Kg7 37. a3 Nb5 38. a4 Nc3 39. Rc1 Nd5 40. Ke2 Nf4+ 41. Kf1 Rd3 42. Rb1 Kf6 43. Ne1 Rc3 44. f3 Re3 45. Rb2 Rc3 46. Kf2 Nd5 47. Nc2 Nf4 48. Ne1 Rc1 49. Ke3 g5 50. Nd3 Rc3 51. Ke4 Nxd3 52. Kd4 Nxb2 53. Kxc3 Nd1+ 54. Kd2 Nf2 55. Ke2 Nxh3 56. gxh3 Kf5 57. Ke3 Ke5 58. b4 b5 59. axb5 axb5 60. Kd3 f5 61. Ke3 h5 62. Kd3 g4 63. fxg4 fxg4 64. h4 Kf4 65. Ke2 g3 66. Kf1 0-1

[Event "HUN-chT Youth 2019"]
[Site "Budapest"]
[Date "2019.10.28"]
[Round "4.22"]
[White "Kovacsy, Barnabas"]
[Black "Sulyok, Eszter"]
[Result "0-1"]
[ECO "B42"]
[WhiteElo "2093"]
[BlackElo "1893"]
[Annotator "NA RC"]
[PlyCount "88"]
[EventDate "2019.10.26"]
[EventType "team-tourn"]
[EventCountry "HUN"]
[SourceTitle "playchess.com"]
[Source "ChessBase"]
[SourceQuality "1"]
[TimeControl "5400+30"]

1. e4 c5 2. Nf3 e6 3. d4 cxd4 4. Nxd4 a6 5. Bd3 Nf6 6. O-O Qc7 7. Qe2 d6 8. f4 Nbd7 9. c4 Be7 10. b3 b6 11. Bb2 Bb7 12. Nc3 O-O 13. Rae1 g6 {[%emt 0:06:27] B42: Sicilian: Kan Variation: 5 Bd3} (13... Rad8 14. f5 Nc5 15. fxe6 fxe6 16. Bc2 e5 17. Nf5 g6 18. Nxe7+ Qxe7 19. Nd5 Nxd5 20. exd5 a5 21. a3 b5 22. cxb5 Bxd5 23. Qd2 Qe6 {½-½ (23) Navara,D (2691)-Movsesian,S (2705) Sibenik 2012}) 14. Kh1 Rfe8 15. Bb1 Bf8 16. Nf3 $146 ({Predecessor:} 16. e5 Nh5 17. Qe3 dxe5 18. fxe5 Bg7 19. Ne4 Nxe5 20. Ng5 Ng4 21. Qh3 Ngf6 22. Ndf3 Nf4 23. Qh4 h6 24. Nxf7 {0-1 (24) Peleshev,L (2269)-Neiksans,A (2596) Liepaja 2015}) 16... Bg7 17. Ng5 h6 18. Nxf7 e5 19. fxe5 {[%emt 0:02:55] Discovered Attack} dxe5 20. Nd5 Bxd5 {[%emt 0:01:24] [#]} 21. exd5 (21. Nxh6+ $1 $18 Bxh6 22. exd5) 21... Kxf7 22. Qc2 (22. Qe4 $14) 22... Nf8 23. Ba3 Kg8 24. Re3 (24. Bxf8 $1 $11 {remains equal.} Rxf8 25. Qxg6) 24... e4 25. Rg3 (25. Qe2 $17) 25... g5 26. d6 (26. Re3 $17 {keeps fighting.}) 26... Qd7 27. Qe2 Ng6 28. Bb2 Nf4 ({Don't take} 28... Qxd6 29. Bxf6 Nf4 30. Qc2) 29. Qd2 N4h5 30. Rh3 Re6 31. Ba3 Nf4 32. Rg3 Ne8 (32... Rae8 $142 33. Re1 {[#]} Nd3 $1 ) 33. Re3 Nf6 34. g3 Ng6 35. Rxe4 $2 (35. c5) 35... Qc6 {[%emt 0:04:23] Pin} (35... Rxe4 $2 36. Bxe4 Nxe4 37. Qd5+ Kh7 38. Qxe4 $17) 36. Rxf6 Rxe4 37. Rf3 Rd4 38. Qe2 Ne5 (38... Re8 $142 39. Qf1 {[#]} Re1 $1 {[%mdl 576] Deflection} 40. Qxe1 Qxf3+ 41. Kg1 Rd1 $1 42. Qxd1 Qxd1+ 43. Kf2 Bd4+ 44. Kg2 Qe2+ 45. Kh3 g4#) 39. Kg2 Qxf3+ $19 (39... Nxf3 $142 40. Bc1 Nd2+ 41. Kg1 Nxb1 42. a3 Nc3 43. Qe6+ Kh8 44. Kf2 Rf8+ 45. Bf4 Rd2+ 46. Ke3 Qg2 47. Qxh6+ Bxh6 48. Be5+ Kg8 49. Bxc3 g4#) 40. Qxf3 Nxf3 41. Kxf3 Bf8 42. Be4 Rd8 43. Bb2 R4xd6 44. b4 Bg7 0-1

[Event "HUN-chT Youth 2019"]
[Site "Budapest"]
[Date "2019.10.28"]
[Round "4.23"]
[White "Szabo, Miklos"]
[Black "Koltai, Dora"]
[Result "0-1"]
[ECO "C42"]
[WhiteElo "1796"]
[BlackElo "1845"]
[Annotator "NA RC"]
[PlyCount "52"]
[EventDate "2019.10.26"]
[EventType "team-tourn"]
[EventCountry "HUN"]
[SourceTitle "playchess.com"]
[Source "ChessBase"]
[SourceQuality "1"]
[TimeControl "5400+30"]

1. e4 e5 2. Nf3 Nf6 3. Nxe5 d6 4. Nf3 Nxe4 5. d4 d5 6. Bd3 Nc6 7. Bf4 {[%emt 0:01:51] C42: Petroff Defence: 3 Nxe5 and unusual White 3rd moves} (7. O-O Be7 8. Nbd2 Nd6 9. c3 Bf5 10. Be2 O-O 11. Re1 Re8 12. Qb3 Be6 13. Bd3 Bf6 14. Nf1 g6 15. Bf4 Qd7 16. Ne3 {½-½ (67) Dominguez Perez,L (2750)-Bu,X (2729) Hengshui 2019}) 7... Bd6 8. Bxd6 Qxd6 9. h3 $146 (9. Nbd2 $11 {keeps the balance.}) ({Predecessor:} 9. O-O O-O 10. c4 Bg4 11. Be2 dxc4 12. Qc2 Nf6 13. Rd1 Bxf3 14. Bxf3 Nxd4 {½-½ (46) Goebel,C (1885)-Kuegel,T (1918) Willingen 2009}) 9... O-O 10. Nbd2 (10. O-O $1 $11 {keeps the balance.}) 10... Qg6 11. g4 $2 ({Better is} 11. Qe2 $15) 11... Re8 (11... Qh6 $19 12. Ne5 Nxe5 13. Bxe4 dxe4 14. dxe5 Rd8) 12. Be2 (12. Qe2 $17 {might work better.}) 12... Nb4 13. a3 (13. c3 $1 $11 Nc6 14. Nxe4 dxe4 15. Nh4) 13... Nxd2 14. Kxd2 Nc6 15. c3 Bd7 16. b3 Re7 17. Bd3 Qf6 18. Kc2 Rae8 19. Kb2 Na5 20. Rf1 Qb6 21. Ne5 $2 (21. a4 $15) 21... Ba4 22. Bc2 f6 23. Nf3 $19 (23. Qd3 g6 24. b4 Bxc2 25. Kxc2 fxe5 26. bxa5 Qxa5 27. Rfe1) 23... Bxb3 24. Nd2 Bc4+ 25. Kc1 Bxf1 26. Nxf1 Re1 0-1